woodfighter, neutral female human Healer ----- ---- -------- ------ |...| |..|---- --.--.|.---.|..---- ---...| |..--..| |........|........| |...--- ------.....--- --................| ------------- |.-------...||.......| |........---.|...-- --...........-- |.| --....-.----.....-- ---......| ----...| |.....--..|...-- |.| |.......<.||......| ----..------|-..--------------.Y.......|....| |.| --....---.----....| |...|.|.--.....(........d>V....)......--)--- |.|---.|.-- |...||....| --....^.........----------------......--|...|--.||...|-- ---.--...-- |.................---...---- ---....-----.|...--.--- --......| |-.......................|.--- |.)...| |........---- |.......-- |.....................%^....[-- --.....-----........|.-- |........--- -----.....................%...|..1---.........---.*....*...| ---........-- --...........--.--............---.......|.......|---........| |.........| --............|---|...........-||...)..----.|.|..| |........| ---.......| |.............-- --...........|--.....| -------- --.--.---- --......-- |-......---....| |...........| ----.-- ------ |.......| |......-- |....| ---..----..-- --- ----...-- --.----- ---.-- |..| ---- --.-- --- --- ---- --- woodfighter the Empiric Experience level: 5 Strength: 13 Dexterity: 12 Constitution: 18 Intelligence: 10 Wisdom: 17 Charisma: 17 Health: 0(52) Energy: 33(52) Def: 7 Gold: 18 Moves: 10331 Dungeon seed: w6ZshGtEEbsVb1RD Game ID: woodfighter_1505130596 Your Inventory: Coins $ - 18 gold pieces Amulets n - a blessed amulet of reflection (being worn) Weapons a - a +0 scalpel (weapon in hand) d - 10 cursed +0 darts f - 3 cursed -2 darts h - 10 blessed +5 darts (in quiver) j - 8 blessed +2 darts Armor c - an uncursed +0 dwarvish cloak e - an uncursed +1 pair of leather gloves (being worn) q - an uncursed +1 dwarvish cloak (being worn) r - an uncursed +0 dwarvish cloak u - an uncursed +0 dwarvish cloak w - an uncursed +0 dwarvish cloak z - an uncursed +0 dwarvish cloak E - an uncursed +0 dwarvish cloak N - a blessed +0 dwarvish cloak S - an uncursed +0 dwarvish cloak U - an uncursed +0 mummy wrapping W - an uncursed +0 dwarvish cloak Comestibles i - 3 uncursed tripe rations k - 7 blessed eucalyptus leaves l - 2 blessed sprigs of wolfsbane o - 2 uncursed apples F - an uncursed food ration Z - an uncursed lizard corpse Scrolls A - an uncursed scroll of identify Spellbooks G - an uncursed spellbook of sleep Potions P - a blessed potion of paralysis Q - an uncursed potion of speed Rings x - an uncursed ring of free action C - an uncursed ring of invisibility (on left hand) Y - an uncursed ring of warning (on right hand) Wands g - a wand of sleep (0:5) m - a wand of sleep (0:1) H - a wand of lightning (0:7) J - a wand of death (0:5) R - a blessed wand of digging (0:6) Tools b - an uncursed stethoscope p - an uncursed sack s - an uncursed oilskin sack t - an uncursed towel v - an uncursed wax candle (0:400) y - an uncursed skeleton key D - an uncursed oil lamp (0:0) T - 9 uncursed tallow candles (0:200) V - a cursed brass lantern (0:1057) X - a +0 pick-axe Contents of the oilskin sack: a [cursed] scroll of light a [uncursed] potion of fruit juice a [uncursed] potion of full healing a [uncursed] potion of object detection a [blessed] potion of object detection a [uncursed] potion of water Spells and supernatural/magical abilities: Name Level Category Fail Memory h - healing 1 healing 0% 49% x - extra healing 3 healing 27% 49% S - stone to flesh 3 healing 41% 49% W - pray for help -- divine ? -- Your skills at the end: Miscellaneous Skills wands [Basic] Weapon Skills knife [Skilled] Spellcasting Skills healing spells [Basic] Final Attributes: You were devoutly aligned. You were cold resistant. You were poison resistant. Your writing hand was ok. You were telepathic. You were warned. You were invisible. You were stealthy. You were protected. You had reflection. You are dead. Vanquished creatures: a giant mimic a large mimic a small mimic a large dog a human mummy a leather golem a wolf a leprechaun a lizard an orc-captain 2 giant spiders an ice vortex 4 gnome kings a yeti a dingo a housecat a jaguar 2 dwarf lords a blue jelly a water nymph 2 dust vortices a plains centaur 2 gnome mummies a snake 2 yellow lights a bugbear 4 wood nymphs 2 rock piercers a pony 2 fog clouds a shrieker a violet fungus 17 gnome lords 4 gnomish wizards a kobold mummy 2 golden naga hatchlings a guardian naga hatchling 2 gray oozes 2 elf zombies 3 ghouls 2 giant ants 3 floating eyes 18 dwarves a kobold lord a kobold shaman 4 iguanas 2 rothes a rabid rat 3 jitterbugs 4 giant bats 3 monkeys 4 dwarf zombies 3 killer bees 4 coyotes a gas spore 6 hobbits a large kobold 5 geckos 2 hobgoblins 6 giant rats a cave spider 2 brown molds 3 yellow molds 2 green molds 69 gnomes a garter snake a gnome zombie 10 jackals a fox 6 kobolds 7 newts 6 goblins 8 sewer rats 11 grid bugs 4 bats 12 lichens 4 kobold zombies 299 creatures vanquished. Voluntary challenges: You did not cause conflict. You were not displaced. You had been an atheist until turn 2444. You used a wielded weapon 577 times, starting on turn 2. You did not apply a unicorn horn. You did not use plumbed fixtures. You did not drink any magical draughts. You read items or engraved 4 times, starting on turn 2442. You never genocided any monsters. You never polymorphed an object. You never changed form. You completed Sokoban on turn 4412, according to the rules. You used no wishes. You never split a pudding. You never wrote Elbereth's name. You never violated your personal moral code. Dungeon overview: The Dungeons of Doom: levels 1 to 7 Level 1 a long staircase Level 2 stairs to The Gnomish Mines Level 3 Level 4 a general store Level 5 many fountains Level 6 (vault) a fountain stairs to Sokoban Level 7 The Gnomish Mines: levels 3 to 11 Level 3 stairs to The Dungeons of Doom Level 4 Level 5 Level 6 many shops, a temple to Hermes, a magic chest, some fountains, a sink Level 7 Level 8 Level 9 Level 10 <- You were here Level 11 Sokoban: levels 2 to 5 Level 2 a magic chest Level 3 a delicatessen, a magic chest Level 4 Level 5 an altar to Athena, a magic chest stairs to The Dungeons of Doom History has recorded: On T:1 you entered the Dungeons of Doom to retrieve the Amulet of Yendor! On T:189 you reached level 2 of The Dungeons of Doom. On T:357 you advanced to experience level 2. On T:434 you reached level 3 of The Dungeons of Doom. On T:661 you advanced to experience level 3. On T:692 you reached level 1 of The Gnomish Mines. On T:748 you reached level 4 of The Dungeons of Doom. On T:1120 you reached level 5 of The Dungeons of Doom. On T:1294 you advanced to experience level 4. On T:1468 you reached level 6 of The Dungeons of Doom. On T:1641 you advanced to experience level 5. On T:2080 you reached level 7 of The Dungeons of Doom. On T:2113 you reached level 4 of Sokoban. On T:2439 you opened a magic chest. On T:2812 you reached level 3 of Sokoban. On T:3140 you advanced to experience level 6. On T:3148 you reached level 2 of Sokoban. On T:3546 you reached level 1 of Sokoban. On T:4412 you advanced to experience level 7. On T:4412 you entered the Sokoban zoo. On T:5378 you reached level 2 of The Gnomish Mines. On T:5606 you reached level 3 of The Gnomish Mines. On T:6464 you reached level 4 of The Gnomish Mines. On T:7834 you entered the Minetown temple On T:8248 you reached level 5 of The Gnomish Mines. On T:8711 you advanced to experience level 8. On T:8870 you reached level 6 of The Gnomish Mines. On T:9031 you reached level 7 of The Gnomish Mines. On T:9191 you prayed to Hermes. On T:9831 you reached level 8 of The Gnomish Mines. On T:9935 you reached level 9 of The Gnomish Mines. On T:9935 you reached the bottom of the Mines. Score breakdown: Gold: 0 ( 0 points) Experience: 5 levels ( 400 points) Exploration: 11 levels ( 300 points) Discoveries: 29 items ( 1450 points) Variety of kills: 77 monsters ( 2000 points) Major goal: Sokoban/Mines ( 1500 points) Survival: died (score multiplied by 3) Total score: 16950 Latest messages: You displace your warhorse. The vampire lord bumps right into you! You displace your large dog. You hear some noises. You hear some noises in the distance. You feel better. (2x) The vampire lord scratches you! The vampire lord bites! You feel better. The vampire lord scratches you! The vampire lord bites! The vampire lord scratches you! The vampire lord bites! You slash the vampire lord. The vampire lord is lightly wounded. The vampire lord scratches you! The vampire lord bites! The vampire lord scratches you! The vampire lord bites! Goodbye level 6. The vampire lord scratches you! The vampire lord bites! You die... The sack is empty. The sack is empty. Final status: Goodbye woodfighter the Healer, killed by a vampire lord... You died in The Gnomish Mines on dungeon level 10 with 16950 points, and 18 pieces of gold, after 10331 moves. You were level 5 with a maximum of 52 hit points when you died.